 Dungeon Crawl Stone Soup version 0.28-a0-794-gafe8c5f9e9 (webtiles) character file.

Game seed: 17520851984842886472

212 kae the Caller (level 5, 0/30 HPs)
             Began as a Tengu Summoner on Nov 5, 2021.
             Succumbed to an adder's poison
             ... in a sewer.
             The game lasted 00:03:09 (3494 turns).

kae the Caller (Tengu Summoner)                     Turns: 3494, Time: 00:03:10

Health: 0/30       AC:  4    Str:  8    XL:     5   Next: 90%
Magic:  8/10       EV: 15    Int: 17    God:
Gold:   38         SH:  0    Dex: 14    Spells: 3/9 levels left

rFire   . . .      SeeInvis .   k - +2 dagger (elec)
rCold   . . .      Faith    .   (no shield)
rNeg    + . .      Spirit   .   a - +1 robe
rPois   .          Reflect  .   (helmet restricted)
rElec   .          Harm     .   u - +0 cloak
rCorr   .          Rampage  .   (no gloves)
Will    .....                   (boots unavailable)
Stlth   ++........              (no amulet)
HPRegen 0.10/turn               o - ring of positive energy
MPRegen 0.12/turn               (no ring)

@: lethally poisoned (0 -> -5), flying quickly and evasively, hasted, very quick
A: beak, talons 3, nimble flight
a: no special abilities


You were in a sewer.
You visited 1 branch of the dungeon, and saw 3 of its levels.
You also visited: Sewer.

You collected 120 gold pieces.
You spent 82 gold pieces at shops.

Inventory:

Hand Weapons
 b - a +0 whip
 f - a +0 spear
 j - a +4 dagger
 k - a +2 dagger of electrocution (weapon)
Armour
 a - a +1 robe (worn)
 u - a +0 cloak (worn)
Jewellery
 o - a ring of positive energy (left hand)
Wands
 s - a wand of polymorph (7)
Scrolls
 h - a scroll of teleportation
 l - a scroll of fog
Potions
 c - a potion of resistance
 d - a potion of lignification
 e - a potion of haste
 g - a potion of cancellation {unknown}
 i - a potion of curing {unknown}
 t - a potion of magic {unknown}


   Skills:
 + Level 2.1 Fighting
 + Level 3.5 Dodging
 - Level 2.0 Stealth
 + Level 2.9 Spellcasting
 * Level 6.4 Summonings


You had 3 spell levels left.
You knew the following spells:

 Your Spells              Type           Power      Damage    Failure   Level
a - Summon Small Mammal   Summ           96%        N/A       1%          1
b - Call Imp              Summ           24%        N/A       1%          2
c - Call Canine Familiar  Summ           24%        N/A       3%          3

Your spell library contained the following spells:

 Spells                   Type           Power      Damage    Failure   Level
 Summon Guardian Golem    Hex/Summ       13%        N/A       14%         3
 Blink                    Tloc           4%         N/A       26%         2
 Lesser Beckoning         Tloc           2%         N/A       47%         3
 Summon Lightning Spire   Summ/Air       13%        N/A       43%         4
 Manifold Assault         Tloc           2%         N/A       99%         5


Dungeon Overview and Level Annotations

Branches:
Dungeon (3/15)              Sewer (1/1)

Altars:
Kikubaaqudgha

Shops:
D:2 ??


Innate Abilities, Weirdness & Mutations

You have a beak for a mouth.
You have claws for feet.
Your magical nature lets you fly swiftly and evasively.


Message History

The river rat bites you but does no damage.
The rat splashes around in the water. x2; The adder bites you.
You are poisoned.
The adder poisons you! The rat closely misses you.
You are too injured to fight recklessly!
You are too injured to fight recklessly!
You are too injured to fight recklessly!
You feel sick. The river rat misses you. The adder closely misses you.
You see here a rat corpse.
You feel sick. The rat barely misses you.
You feel sick. The adder bites you.
You are more poisoned.
The adder poisons you! The adder bites you but does no damage.
The adder barely misses you.
You feel sick.
You feel sick. The adder barely misses you. x2
You feel sick.
You see here 15 gold pieces.
Okay, then.
You miss the adder. Your kick misses the adder.
You feel sick. The adder bites you.
* * * LOW HITPOINT WARNING * * *
You are lethally poisoned!
The adder poisons you! The adder misses you.
Okay, then.
As you read the scroll of fear, it crumbles to dust.
You assume a fearsome visage.
The rat looks frightened!
The river rat looks frightened!
The rat looks frightened! x4
The frilled lizard looks frightened!
The adder looks frightened!
The ball python looks frightened!
The adder looks frightened!
* * * LOW HITPOINT WARNING * * *
You feel very sick.
* * * LOW HITPOINT WARNING * * *
You feel sick.
* * * LOW HITPOINT WARNING * * *
You feel sick.
* * * LOW HITPOINT WARNING * * *
You feel sick.
It was a potion of haste.
You feel yourself speed up.
You die...

##......##'##......##
#......##!!###......#
#.≈≈≈≈.##!!# #.≈≈...#
#≈≈≈≈≈≈##### #≈÷≈≈≈≈#
#≈≈≈≈≈≈# #≈≈÷≈≈≈#
#≈≈≈≈≈≈# #≈÷≈÷≈≈#
#≈≈≈≈≈≈# #≈≈≈≈≈≈#
#≈≈≈≈≈≈# #≈#≈≈≈≈#
#≈≈≈@≈≈# #≈≈≈≈≈≈#
#≈≈≈≈≈≈# #≈≈≈≈≈≈#
#≈≈.≈≈≈# #≈≈≈≈≈≈#
#≈.$(..# #.≈≈≈≈≈#
#≈..≈.≈# #≈≈≈≈≈≈#
#≈≈≈≈≈≈# #≈≈≈≈≈≈#
#≈≈r≈≈≈# #≈≈≈≈≈≈#
#≈r≈≈≈≈# #≈≈≈≈≈≈#
#≈≈r≈≈≈# #≈≈≈≈≈≈#


You could see 2 rats.

Vanquished Creatures
  A bullfrog skeleton (D:3)
  3 river rats (Sewer)
  3 adders
  A worm (D:3)
  3 orcs (D:3)
  5 endoplasms
  3 giant cockroaches (D:2)
  4 goblins
  4 hobgoblins
  A kobold (D:1)
  2 quokkas
  6 ball pythons
  8 bats
  A frilled lizard (Sewer)
  12 rats
57 creatures vanquished.

Vanquished Creatures (collateral kills)
  An orc wizard (D:3)
  2 river rats (Sewer)
  2 worms
  An orc (D:3)
  2 ball pythons (D:1)
  An endoplasm (D:1)
  2 goblins (D:2)
  2 quokkas
  A frilled lizard (Sewer)
  2 kobolds
  10 rats (Sewer)
  A spectral hobgoblin (D:1)
27 creatures vanquished.

Vanquished Creatures (others)
  A plant (D:3)
1 creature vanquished.

Grand Total: 85 creatures vanquished

Notes
Turn   | Place    | Note
-------+----------+-------------------------------------------
     0 | D:1      | kae the Tengu Summoner began the quest for the Orb.
     0 | D:1      | Reached XP level 1. HP: 10/10 MP: 4/4
   166 | D:1      | Found a faded altar of an unknown god.
   494 | D:1      | Reached skill level 5 in Summonings
   591 | D:1      | Reached XP level 2. HP: 16/16 MP: 4/6
  1461 | D:2      | Reached XP level 3. HP: 17/20 MP: 7/7
  1464 | D:2      | Learned a level 2 spell: Call Imp
  1468 | D:2      | Learned a level 3 spell: Call Canine Familiar
  1552 | D:2      | Found Gagagi's Magic Scroll Boutique.
  1555 | D:2      | Bought a scroll of fear for 38 gold pieces
  1555 | D:2      | Bought a scroll of identify for 22 gold pieces
  1565 | D:2      | Reached skill level 1 in Fighting
  1850 | D:2      | Found Feanor's Magic Scroll Emporium.
  1857 | D:2      | Bought a scroll of identify for 22 gold pieces
  1995 | D:2      | Found an ancient bone altar of Kikubaaqudgha.
  2571 | D:3      | Reached XP level 4. HP: 10/25 MP: 5/8
  2968 | D:3      | Reached skill level 6 in Summonings
  2968 | D:3      | Gained mutation: Your magical nature lets you fly swiftly
                  | and evasively. [Tengu growth]
  2968 | D:3      | Reached XP level 5. HP: 29/30 MP: 8/10
  3030 | D:3      | Found a glowing drain.
  3053 | Sewer    | Entered a sewer
  3493 | Sewer    | HP: 1/30 [poisoned by an adder]
  3494 | Sewer    | Succumbed to an adder's poison

Illustrated notes

Levels and vault maps discovered:
D:1:      beargit_arrival_greenhouse, layout_loops_ring,
          dreamdust_ecumenical_altar_drowned_temple
D:2:      layout_basic, serial_shops, nicolae_shop_waterfront, shop_statue,
          basic_altar, hex_medium, minmay_misc_feat_rugged
D:3:      corexii_shack_village, layout_basic, cheibrodos_sewer_entry_sluice
Sewer:    sewer_minmay_w

Skill      XL: |  1  2  3  4  5 |
---------------+----------------+-----
Summonings     | 5 6 |  6.4
Fighting       | 1 2 |  2.1
Dodging        | 3 |  3.5
Stealth        | |  2.0
Spellcasting   | |  2.9

Action                   |  1- 3 |  4- 6 || total
-------------------------+-------+-------++-------
Melee: Whip              |     8 |       ||     8
       Unarmed           |     7 |       ||     7
       Spear             |     9 |       ||     9
       Peck              |     8 |     6 ||    14
       Kick              |     6 |    13 ||    19
       Dagger            |    50 |    56 ||   106
 Cast: Summon Small Mamm |    33 |     1 ||    34
       Call Imp          |     4 |     6 ||    10
       Call Canine Famil |     1 |     5 ||     6
  Use: Scroll            |     7 |     1 ||     8
       Potion            |       |     1 ||     1
 Stab: Sleeping          |     5 |       ||     5
Armor: Robe              |    16 |     8 ||    24
Dodge: Dodged            |    46 |    43 ||    89

Table legend: (Time is in decaauts)
 A = Elapsed time spent in this place.
 B = Non-inter-level travel time spent in this place.
 C = Inter-level travel time spent in this place.
 D = Time resting spent in this place.
 E = Time spent auto-exploring this place.
 F = Levels seen in this place.
 G = Mean time per level.
                   A        B        C        D        E       F      G
               +--------+--------+--------+--------+--------+-----+--------+
         Total |   3480 |   3465 |     15 |      0 |   2846 |   4 |  870.0 |
       Dungeon |   3050 |   3035 |     15 |      0 |   2525 |   3 | 1016.7 |
         Sewer |    429 |    429 |      0 |      0 |    321 |   1 |  429.0 |
               +--------+--------+--------+--------+--------+-----+--------+

Top non-repeatable levels by time:
     D:1: 1427 daAuts
     D:2: 1268 daAuts
   Sewer: 429 daAuts
     D:3: 353 daAuts
